 Dungeon Crawl Stone Soup version 0.21.1-1-g345015f (webtiles) character file.

16604 nicolaieve the Severer (level 12, -7/104 HPs)
             Began as a Minotaur Berserker on July 17, 2018.
             Was a High Priest of Trog.
             Killed by divine providence
             ... invoked by a meliai
              (11 damage)
             ... on level 12 of the Dungeon.
             The game lasted 00:42:48 (9274 turns).

nicolaieve the Severer (Minotaur Berserker)         Turns: 9274, Time: 00:42:49

Health: -7/104     AC: 21    Str: 27    XL:     12   Next: 11%
Magic:  11/11      EV:  8    Int:  4    God:    Trog [*****.]
Gold:   852        SH:  0    Dex: 10    Spells: 11/11 levels left

rFire    . . .     SeeInvis .   r - +1 battleaxe (freeze)
rCold    . . .     Gourm    .   (shield currently unavailable)
rNeg     . . .     Faith    .   l - +0 plate armour
rPois    +         Spirit   .   (helmet restricted)
rElec    .         Reflect  .   e - +0 cloak
rCorr    .         Harm     .   f - +0 pair of gloves
MR       .....                  i - +0 pair of boots
Stlth    ..........             (no amulet)
HPRegen  0.27/turn              t - +3 ring of protection
MPRegen  0.12/turn              D - ring of poison resistance

@: berserk cooldown, very slightly contaminated, slowed, very slow
A: retaliatory headbutt, horns 2
a: Berserk, Trog's Hand, Brothers in Arms, Burn Spellbooks, Renounce Religion


You were on level 12 of the Dungeon.
You worshipped Trog.
Trog was extremely pleased with you.
You were very hungry.

You visited 1 branch of the dungeon, and saw 12 of its levels.

You collected 876 gold pieces.
You spent 24 gold pieces at shops.

Inventory:

Hand Weapons
 a - a +0 hand axe
 r - a +1 battleaxe of freezing (weapon)
 C - a +1 flail of holy wrath
 I - a +3 flail
Armour
 e - a +0 cloak (worn)
 f - a +0 pair of gloves (worn)
 i - a +0 pair of boots (worn)
 l - a +0 plate armour (worn)
 y - a +3 scale mail of magic resistance
 z - a scarf of cloud immunity
Jewellery
 t - a +3 ring of protection (left hand)
 D - a ring of poison resistance (right hand)
 F - a cursed ring of teleportation {unknown}
Wands
 p - a wand of flame (27)
 s - a wand of iceblast (29)
 E - a wand of enslavement (8)
 J - a wand of acid (7)
 M - a wand of paralysis (8)
Scrolls
 d - 4 scrolls of identify
 m - 9 scrolls of teleportation
 o - 7 scrolls of enchant armour
 q - 2 scrolls of fear
 v - 2 scrolls of immolation
 x - a scroll of silence {unknown}
 A - 2 scrolls of enchant weapon {unknown}
 B - a scroll of torment {unknown}
 G - 6 scrolls of remove curse
 K - 2 scrolls of fog {unknown}
 L - a scroll of brand weapon {unknown}
Potions
 b - a potion of flight
 g - 4 potions of curing
 j - a potion of haste
 k - 2 potions of lignification
 n - 3 potions of ambrosia
 u - 4 potions of heal wounds
 w - a potion of might
 H - a potion of agility {unknown}
Comestibles
 c - 22 rations


   Skills:
 - Level 9.1 Fighting
 * Level 19.1 Axes
 - Level 8.9 Armour
 - Level 2.1 Dodging


You had 11 spell levels left.
You didn't know any spells.

Dungeon Overview and Level Annotations

Branches:
Dungeon (12/15)            Temple (0/1) D:7            Lair (0/6) D:11
    Orc (0/2) D:12

Altars:
Ashenzari
Cheibriados
Fedhas
The Shining One

Shops:
D:8 [   D:9 *

Annotations:
D:10 exclusion: oklob plant
D:11 exclusion: oklob plant


Innate Abilities, Weirdness & Mutations

You reflexively headbutt those who attack you in melee.
You have a pair of horns on your head.


Message History

The meliai hits you with a war axe.
* * * LOW HITPOINT WARNING * * *
The meliai stings you but does no damage.
The meliai calls down the wrath of its god upon you.
Something smites you!
* * * LOW HITPOINT WARNING * * *
The killer bee stings you but does no damage.
The meliai hits you but does no damage. The meliai stings you.
* * * LOW HITPOINT WARNING * * *
The meliai hits you with a war axe.
* * * LOW HITPOINT WARNING * * *
The meliai barely misses you.
You hear an angry buzzing noise. x2
Blink to where?
Press: ? - help, Dir - move target cursor You are very lightly contaminated with residual magic.
As you read the scroll of blinking, it crumbles to dust.
The meliai invokes the aid of its god against you.
Something smites you!
You die...

#......
#....#
#.†.###
#.y.(.#
#yy...#
##.)#...#
#...######
#).......#
##.@[.....##
#.[.†......#
#.....###..#
#...### ####
#...##
##...#
##..## ####
##).## ##..#
#...###...##


You could see 2 meliai and a killer bee.

Vanquished Creatures
  Snorg (D:11)
  A hydra (D:11)
  Erica (D:9)
  Nergalle (D:11)
  An unseen horror (D:10)
  An ugly thing (D:12)
  A cyclops (D:11)
  2 centaur skeletons
  2 hellwings (D:7)
  The ghost of Ethylacetat the Chopper, an amateur NaGl (D:5)
  3 trolls
  A meliai (D:12)
  2 hippogriffs
  A meliai zombie (D:7)
  A spriggan (D:7)
  A wraith (D:10)
  An air elemental (D:10)
  A shadow (D:12)
  A wyvern (D:12)
  4 vampire mosquitoes (D:12)
  The ghost of Tommers the Chopper, an amateur DsBe of Trog (D:3)
  A hungry ghost (D:10)
  Duvessa (D:4)
  5 ice beasts
  2 orc warriors
  2 black bears
  6 ogres
  4 sky beasts
  5 necrophages
  A phantom (D:4)
  5 centaurs
  A crocodile (D:11)
  A big kobold (D:11)
  5 bullfrogs
  Dowan (D:4)
  3 scorpions
  12 killer bees
  8 wights
  6 electric eels (D:9)
  A howler monkey (D:8)
  5 crimson imps
  11 centaur zombies
  2 orc priests
  2 bullfrog skeletons
  5 bullfrog zombies
  3 hounds
  10 jellies
  6 orc wizards
  2 iguanas (D:11)
  9 worker ants
  2 hound zombies
  2 hound skeletons
  2 mummies (D:7)
  A howler monkey zombie (D:9)
  9 adders
  5 shadow imps
  12 oozes (D:10)
  2 adder skeletons
  7 worms
  11 leopard geckos
  33 orcs
  10 giant cockroaches
  14 goblins
  10 hobgoblins
  4 jackals (D:10)
  2 quokkas
  2 ball pythons
  5 bats
  4 frilled lizards
  11 kobolds
  A leopard gecko skeleton (D:5)
  A leopard gecko zombie (D:5)
  8 rats
  2 plants (D:9)
  A withered plant (D:7)
315 creatures vanquished.

Vanquished Creatures (others)
  A water elemental (D:10)
  A fire elemental (D:10)
  An earth elemental (D:10)
  7 fungi (D:10)
  3 plants (D:11)
13 creatures vanquished.

Grand Total: 328 creatures vanquished

Notes
Turn   | Place    | Note
-------+----------+-------------------------------------------
     0 | D:1      | nicolaieve the Minotaur Berserker began the quest for the Orb.
     0 | D:1      | Reached XP level 1. HP: 19/19 MP: 0/0
    56 | D:1      | Reached skill level 4 in Axes
    85 | D:1      | Reached XP level 2. HP: 26/26 MP: 1/1
   473 | D:1      | Reached skill level 5 in Axes
   616 | D:1      | Reached ** piety under Trog
   616 | D:1      | Reached XP level 3. HP: 29/31 MP: 2/2
   891 | D:2      | Reached XP level 4. HP: 17/39 MP: 3/3
   904 | D:2      | Reached skill level 6 in Axes
  1411 | D:3      | Noticed Tommers's ghost (amateur DsBe)
  1421 | D:3      | Killed Tommers's ghost
  1421 | D:3      | Reached skill level 7 in Axes
  1421 | D:3      | Reached XP level 5. HP: 38/45 MP: 4/4
  1564 | D:3      | Reached *** piety under Trog
  1700 | D:3      | Reached skill level 8 in Axes
  1799 | D:3      | Received a gift from Trog
  2095 | D:4      | Noticed a phantom
  2111 | D:4      | Killed a phantom
  2111 | D:4      | Reached XP level 6. HP: 39/51 MP: 5/5
  2170 | D:4      | Noticed Duvessa
  2172 | D:4      | Noticed Dowan
  2178 | D:4      | Killed Duvessa
  2178 | D:4      | Reached skill level 9 in Axes
  2181 | D:4      | Killed Dowan
  2293 | D:4      | Reached XP level 7. HP: 54/57 MP: 6/6
  2833 | D:5      | Entered Level 5 of the Dungeon
  2839 | D:5      | Reached skill level 10 in Axes
  2990 | D:5      | Noticed Ethylacetat's ghost (amateur NaGl)
  3002 | D:5      | Killed Ethylacetat's ghost
  3002 | D:5      | Reached skill level 11 in Axes
  3002 | D:5      | Reached XP level 8. HP: 64/64 MP: 7/7
  3043 | D:5      | Noticed a troll
  3061 | D:5      | Killed a troll
  3061 | D:5      | Reached skill level 12 in Axes
  3234 | D:5      | Found a shattered altar of Ashenzari.
  4003 | D:6      | Reached skill level 13 in Axes
  4252 | D:6      | Reached XP level 9. HP: 45/70 MP: 8/8
  4362 | D:6      | Reached skill level 14 in Axes
  4395 | D:6      | Reached **** piety under Trog
  4466 | D:7      | Noticed a hellwing
  4468 | D:7      | Noticed a hellwing
  4479 | D:7      | Reached skill level 5 in Fighting
  4479 | D:7      | Reached skill level 5 in Armour
  4489 | D:7      | Killed a hellwing
  4489 | D:7      | Reached XP level 10. HP: 86/86 MP: 9/9
  4787 | D:7      | Found a staircase to the Ecumenical Temple.
  4961 | D:7      | Found a blossoming altar of Fedhas.
  5060 | D:7      | Found a snail-covered altar of Cheibriados.
  5358 | D:8      | Reached skill level 15 in Axes
  5425 | D:8      | Found Qinucag's Antique Armour Shop.
  5841 | D:9      | Noticed Erica
  5847 | D:9      | Killed Erica
  5847 | D:9      | Reached XP level 11. HP: 97/97 MP: 10/10
  5985 | D:9      | Found Plog's General Store.
  5989 | D:9      | Bought a scroll of identify for 24 gold pieces
  6054 | D:9      | Reached ***** piety under Trog
  6090 | D:9      | Reached skill level 16 in Axes
  6583 | D:10     | Entered Level 10 of the Dungeon
  6678 | D:10     | Killed an unseen horror
  6996 | D:10     | Noticed an oklob plant
  7203 | D:10     | Reached skill level 17 in Axes
  7209 | D:10     | Found a large runed door.
  7213 | D:10     | Found a large runed door.
  7759 | D:11     | Noticed Snorg
  7766 | D:11     | Killed Snorg
  7770 | D:11     | Found a glowing golden altar of the Shining One.
  7999 | D:11     | Noticed Nergalle
  8014 | D:11     | Reached skill level 18 in Axes
  8017 | D:11     | Killed Nergalle
  8051 | D:11     | Noticed an oklob plant
  8278 | D:11     | Found a staircase to the Lair.
  8475 | D:12     | Found a staircase to the Orcish Mines.
  8679 | D:12     | Noticed a brown ugly thing
  8688 | D:12     | Killed a brown ugly thing
  8688 | D:12     | Received a gift from Trog
  8704 | D:12     | Noticed a four-headed hydra
  9076 | D:11     | Killed a four-headed hydra
  9076 | D:11     | Reached XP level 12. HP: 45/104 MP: 11/11
  9257 | D:12     | Reached skill level 19 in Axes
  9273 | D:12     | HP: 4/104 [meliai/war axe (6)]
  9274 | D:12     | Killed from afar by a meliai

Skill      XL: |  1  2  3  4  5  6  7  8  9 10 11 12 |
---------------+-------------------------------------+-----
Axes           | 4 5 7 8 9 11 13 14 15 18 19 | 19.1
Fighting       | 7 9 |  9.1
Armour         | 7 8 |  8.9
Dodging        | |  2.1

Action                   |  1- 3 |  4- 6 |  7- 9 | 10-12 || total
-------------------------+-------+-------+-------+-------++-------
Melee: Hand axe          |    95 |    86 |   209 |    40 ||   430
       Headbutt          |    16 |     7 |    39 |    83 ||   145
       Battleaxe         |       |       |       |   366 ||   366
       Flail             |       |       |       |    13 ||    13
Invok: Berserk           |       |     3 |     3 |     7 ||    13
       Trog's Hand       |       |       |     3 |     5 ||     8
       Burn Spellbooks   |       |       |     1 |     3 ||     4
  Use: Scroll            |       |       |    13 |     9 ||    22
       Potion            |       |       |       |     1 ||     1
  Eat: Chunk             |       |     4 |    10 |    14 ||    28
       Ration            |       |     1 |       |     3 ||     4
Armor: Animal skin       |    11 |       |       |       ||    11
       Scale mail        |    20 |    24 |    61 |       ||   105
       Plate armour      |       |       |    41 |   380 ||   421
       Chain mail        |       |       |     2 |       ||     2
Dodge: Dodged            |    51 |    41 |    76 |   213 ||   381
